Map: Bel'Shir Vestige LE (Void)

Players

Arther

  • Race: Zerg Zerg
  • League: Diamond
  • Spawn Location: 5:00

monOxyde - Winner!

  • Race: Terran Terran
  • League: Master
  • Spawn Location: 11:00

VOD

Have the link to the VOD?

Description

Time

  • Played on: April 10, 2017, 10:48 p.m.
  • Length: 12:18
Show
View Real Time Build Order
Export as new Build Order

Arther Zerg 

Build Orders: Pool First, Muta Ling Bane 

Get SALT Encoding   

  12  0:00  Drone  
  13  0:12  Overlord  
  13  0:17  Drone  
  14  0:31  Drone x2  
  16  0:37  Drone  
  17  0:44  Spawning Pool  
  17  0:49  Drone  
  17  0:52  Extractor  
  16  1:11  Hatchery  
  16  1:14  Drone  
  16  1:21  Overlord  
  16  1:31  Zergling x4  
  18  1:39  Drone  
  19  1:44  Queen  
  21  1:50  Drone  
  22  1:59  Metabolic Boost  
  22  2:07  Drone  
  23  2:20  Drone  
  24  2:24  Queen  
  26  2:30  Drone x2  
  28  2:45  Drone, Hatchery  
  28  2:50  Drone x2  
  30  2:52  Drone  
  30  2:56  Drone x2  
  33  3:04  Drone x2  
  33  3:05  Drone  
  36  3:12  Overlord  
  36  3:14  Overlord  
  36  3:30  Drone x6  
  42  3:35  Queen  
  42  3:37  Drone x3  
  42  3:38  Drone  
  48  3:43  Drone  
  48  3:45  Drone  
  50  3:49  Extractor  
  50  3:53  Overlord  
  49  3:56  Overlord  
  49  4:02  Queen, Baneling Nest  
  49  4:06  Drone x4  
  49  4:09  Drone x2  
  55  4:17  Queen  
  55  4:18  Queen  
  59  4:28  Drone x2  
  59  4:29  Zergling x2  
  59  4:30  Zergling x2  
  59  4:31  Evolution Chamber x2  
  62  4:37  Overlord  
  61  4:39  Zergling x10  
  61  4:44  Queen  
  68  4:54  Queen  
  68  4:56  Zergling x2  
  68  4:57  Zergling x12  
  68  4:59  Baneling x3  
  77  5:00  Baneling  
  77  5:06  Overlord  
  77  5:08  Drone x2  
  77  5:09  Overlord  
  77  5:10  Overlord  
  77  5:11  Drone  
  80  5:18  Zerg Ground Armor Level 1  
  80  5:19  Zerg Melee Weapons Level 1  
  80  5:25  Zergling x2  
  80  5:26  Zergling x8  
  80  5:38  Zergling x2  
  80  5:39  Zergling x14  
  78  5:46  Zergling x4  
  79  6:04  Hatchery  
  79  6:06  Zergling x2, Overlord x2  
  79  6:08  Zergling x14  
  86  6:17  Lair  
  85  6:18  Drone  
  85  6:19  Drone x3, Extractor  
  85  6:24  Extractor  
  87  6:28  Drone  
  87  6:29  Drone x2  
  87  6:32  Pneumatized Carapace  
  90  6:34  Drone x3  
  92  6:41  Drone x2, Hatchery  
  92  6:45  Overlord  
  93  6:54  Overlord  
  93  7:00  Overlord  
  93  7:01  Overlord x2  
  92  7:13  Overlord  
  92  7:14  Zergling x2  
  92  7:15  Zergling x16, Zerg Ground Armor Level 2  
  101  7:17  Zerg Melee Weapons Level 2  
  101  7:25  Overseer  
  101  7:28  Drone x5  
  103  7:30  Drone  
  103  7:31  Drone x3, Extractor  
  103  7:33  Extractor  
  103  7:35  Drone x2  
  106  7:38  Zergling x4  
  106  7:42  Overlord  
  108  7:46  Zergling x6  
  108  7:49  Overlord  
  108  7:50  Overlord  
  111  7:53  Zergling x2  
  111  7:54  Zergling x4  
  114  7:59  Zergling x6  
  114  8:00  Zergling x4  
  117  8:07  Zergling x2  
  117  8:08  Zergling x2  
  117  8:10  Drone  
  120  8:13  Spire  
  120  8:15  Zergling x6  
  120  8:16  Zergling x4  
  124  8:27  Zergling x2  
  124  8:28  Zergling x12  
  130  8:35  Drone  
  130  8:38  Spore Crawler  
  130  8:45  Zergling x20  
  136  8:50  Baneling x4  
  136  8:51  Overseer, Baneling x2  
  136  8:52  Zergling x2  
  136  8:53  Zergling x8  
  117  9:05  Zergling x8  
  117  9:07  Centrifical Hooks  
  118  9:17  Zergling x6  
  101  9:28  Hatchery  
  100  9:33  Drone x3  
  100  9:34  Drone  
  104  9:40  Zerg Flyer Weapons Level 1  
  104  9:42  Mutalisk x2  
  108  9:48  Mutalisk  
  110  9:53  Mutalisk x2  
  107  10:08  Mutalisk x5  
  107  10:11  Baneling  
  107  10:12  Baneling x2  
  115  10:17  Zergling x4  
  115  10:18  Zergling x4  
  109  10:22  Mutalisk x2  
  108  10:29  Mutalisk x2  
  107  10:41  Baneling x4  
  107  10:42  Zergling x2  
  100  10:43  Zergling x12  
  101  10:50  Mutalisk x2  
  101  10:55  Zergling x2  
  101  10:56  Zergling x6  
  109  10:58  Baneling x3  
  109  10:59  Baneling  
  109  11:02  Zergling x4  
  109  11:03  Zergling x2  
  95  11:12  Zergling x2  
  95  11:13  Zergling x10  
Show
View Real Time Build Order
Export as new Build Order

monOxyde Terran - Winner!

Build Orders: Reaper Expand, MMM Bio 

Get SALT Encoding   

  12  0:01  SCV  
  13  0:13  SCV  
  14  0:17  Supply Depot  
  14  0:25  SCV  
  15  0:39  SCV  
  15  0:41  Barracks  
  16  0:44  Refinery  
  16  0:51  SCV  
  17  1:03  SCV  
  18  1:15  SCV  
  19  1:28  Reaper  
  19  1:30  Orbital Command  
  20  1:40  Command Center  
  20  1:51  Barracks  
  20  1:56  SCV  
  20  2:00  Barracks Reactor  
  21  2:07  Supply Depot  
  21  2:09  SCV  
  22  2:21  Refinery, SCV  
  23  2:33  SCV  
  24  2:37  Factory  
  24  2:39  Barracks Tech Lab  
  23  2:47  Marine x2  
  23  2:48  SCV  
  26  2:54  Orbital Command  
  26  2:59  Marine, Stimpack  
  26  3:04  SCV  
  28  3:08  Marine x2  
  30  3:16  SCV  
  30  3:19  Marine  
  32  3:26  Starport  
  32  3:28  SCV, Factory Reactor  
  32  3:33  Marine x2  
  34  3:36  SCV  
  34  3:40  SCV, Marine  
  37  3:48  SCV  
  38  3:49  Supply Depot  
  38  3:53  SCV  
  38  4:02  Marine x3  
  41  4:04  SCV  
  41  4:05  SCV  
  43  4:13  Medivac  
  43  4:16  SCV  
  46  4:18  Supply Depot, Medivac  
  46  4:20  SCV  
  46  4:21  Marine x3  
  52  4:29  Engineering Bay  
  52  4:33  Engineering Bay  
  52  4:34  SCV x2  
  54  4:39  Marine  
  55  4:51  Marine  
  56  4:54  SCV x2  
  56  4:57  Terran Infantry Weapons Level 1  
  56  4:59  Terran Infantry Armor Level 1  
  58  5:00  Marine x2  
  58  5:01  Medivac  
  62  5:09  Command Center  
  62  5:17  Supply Depot  
  62  5:19  Combat Shields  
  62  5:37  SCV, Marine x2  
  62  5:38  SCV, Marine  
  60  5:47  Factory Reactor  
  60  5:49  SCV  
  60  5:50  Barracks, SCV  
  60  5:51  Barracks  
  60  5:52  Barracks, Medivac  
  60  5:54  Marine  
  60  5:55  Marine  
  60  5:56  Marine  
  66  6:01  SCV  
  66  6:02  Refinery x2, SCV  
  68  6:12  Marine  
  68  6:13  SCV  
  68  6:15  Marine  
  68  6:16  SCV  
  70  6:21  Marine  
  70  6:24  Orbital Command  
  71  6:30  Marine  
  71  6:32  Armory  
  72  6:33  Marine  
  72  6:38  Marine  
  76  6:40  Factory Reactor  
  74  6:48  Marine  
  74  6:49  Barracks Reactor  
  74  6:51  SCV, Barracks Reactor, Marine  
  74  6:53  SCV x2, Supply Depot  
  79  6:55  Supply Depot  
  79  6:56  Marine x3, Supply Depot  
  79  6:59  Supply Depot  
  82  7:03  SCV  
  82  7:05  SCV  
  82  7:06  SCV  
  82  7:08  Liberator x2  
  85  7:15  SCV, Marine x5  
  90  7:17  SCV  
  92  7:23  Widow Mine x2  
  92  7:25  Marine  
  103  7:31  Marine  
  103  7:32  SCV, Marine x4  
  103  7:35  Terran Infantry Weapons Level 2  
  107  7:39  Orbital Command  
  107  7:42  Marine  
  107  7:43  Marine  
  109  7:45  SCV  
  109  7:47  Marine x2  
  109  7:49  Marine  
  113  7:52  Marine  
  113  7:53  Marine x2  
  113  7:54  SCV  
  113  7:57  Supply Depot  
  117  8:18  SCV x2, Marine x5  
  124  8:23  Widow Mine  
  124  8:25  Marine x2  
  124  8:26  SCV  
  124  8:28  Bunker  
  124  8:29  Terran Infantry Armor Level 2  
  124  8:30  SCV  
  125  8:46  SCV  
  125  9:01  Marine x3  
  125  9:12  Marine x3  
  125  9:13  SCV, Marine x2  
  125  9:14  Barracks, SCV x2, Marine, Widow Mine, Supply Depot  
  125  9:15  Barracks, Supply Depot x2  
  125  9:16  Barracks  
  125  9:18  Supply Depot  
  125  9:19  Widow Mine  
  125  9:20  Marine  
  125  9:21  Marine x2  
  124  9:29  Marine  
  125  9:32  Supply Depot  
  125  9:33  Supply Depot  
  125  9:34  Missile Turret, Supply Depot  
  125  9:36  Marine x4, Command Center, Medivac x2  
  133  9:45  Marine x4  
  135  9:47  Marine  
  138  9:53  Marine  
  138  9:54  Marauder  
  138  9:59  Marine x2  
  143  10:03  Marine x3  
  143  10:06  Marine x3, Medivac  
  150  10:20  Marine  
  147  10:24  Marine  
  147  10:25  Marine x7  
  149  10:31  Marine x2  
  149  10:32  Marine  
  150  10:46  SCV  
  150  10:48  Refinery, Marine x2  
  150  10:49  Refinery  
  153  10:58  SCV  
  154  11:04  Marine x5  
  154  11:05  Marine  
  154  11:08  Marine x2  
  154  11:09  Marauder, Marine  
  158  11:23  SCV, Marine x3  
  158  11:24  Marine x2  
  148  11:25  SCV  
  148  11:26  Marine  
  148  11:27  Marine x3  
  148  11:28  SCV  
  148  11:30  Marauder  
  154  11:35  SCV  
  154  11:52  Marauder  
Tags
 
Add a new tag
Caveats
  • Supply blocks, unpowered buildings, or Contaminate may cause inaccurate times.
  • Supply counts are checked every 10 seconds.